 Dungeon Crawl Stone Soup version 0.18-a0-1655-ge2d8d33 (webtiles) character file.

3057 Kidiri the Jester (level 9, 0/46 HPs)
             Began as a Spriggan Artificer on Mar 30, 2016.
             Was a Follower of Nemelex Xobeh.
             Slain by an anaconda (2 damage)
             ... on level 8 of the Dungeon.
             The game lasted 00:39:54 (9776 turns).

Kidiri the Jester (Spriggan Artificer)              Turns: 9776, Time: 00:39:56

Health: 0/46       AC: 12    Str:  7    XL:     9   Next: 57%
Magic:  16/16      EV: 17    Int: 16    God:    Nemelex Xobeh [*.....]
Gold:   498        SH:  9    Dex: 19    Spells: 0 memorised, 8 levels left

rFire  . . .     SeeInvis +     t - +1 rapier
rCold  . . .     Gourm    .     j - quicksilver dragon armour
rNeg   . . .     Faith    .     k - +2 buckler
rPois  .         Spirit   .     (helmet restricted)
rElec  .         Dismiss  +     C - +1 cloak
rCorr  .         Reflect  .     (gloves unavailable)
SustAt +         Harm     .     (boots unavailable)
MR     +++..     Rnd*Tele +     p - amulet of dismissal
Stlth  +++.......               c - ring of protection from magic
                                F - ring of sustain attributes

@: constricted, very quick, extremely resistant to hostile enchantments, fairly
stealthy
A: unfitting armour, see invisible, blink, clever 1, herbivore 3, speed 3, slow
metabolism 2, teleportitis 1
a: Blink, Renounce Religion


You were on level 8 of the Dungeon.
You worshipped Nemelex Xobeh.
Nemelex Xobeh was aware of your devotion.
You were not hungry.

You visited 2 branches of the dungeon, and saw 9 of its levels.
You also visited: Ossuary.

You collected 498 gold pieces.

Inventory:

Hand Weapons
 t - a +1 rapier (weapon)
 A - a +1 dagger of flaming
Armour
 b - a +1 robe
 j - a quicksilver dragon armour (worn)
 k - a +2 buckler (worn)
 C - a +1 cloak (worn)
Jewellery
 c - a ring of protection from magic (right hand)
 g - an uncursed ring of resist corrosion
 p - an amulet of dismissal (around neck)
 B - an uncursed ring of protection from magic
 F - a ring of sustain attributes (left hand)
Wands
 d - a wand of enslavement (0/24)
 e - a wand of paralysis (0/24)
 y - a wand of flame (0/48)
 z - a wand of random effects (11/48)
Scrolls
 i - a scroll of blinking
 l - 9 scrolls of remove curse
 w - a scroll of amnesia
 x - 4 scrolls of teleportation
 G - 2 scrolls of fog
Potions
 a - 3 potions of agility
 h - a potion of brilliance
 m - 2 potions of heal wounds
 n - 2 potions of flight
 q - 2 potions of lignification
 r - a potion of haste {unknown}
 s - 3 potions of curing {unknown}
 u - 4 potions of might
Miscellaneous
 D - a plain deck of escape {Warpwright}
Comestibles
 f - 3 bread rations
 o - 2 slices of pizza
 v - 8 fruits


   Skills:
 * Level 4.9 Fighting
 + Level 4.5 Short Blades
 + Level 3.0 Armour
 * Level 8.8 Dodging
 + Level 6.4 Stealth
 + Level 3.1 Shields
 * Level 9.1 Evocations


You had 8 spell levels left.
You didn't know any spells.

Dungeon Overview and Level Annotations

Branches:
Dungeon (8/15)             Temple (1/1) D:7
   Lair: D:8-11

Altars:
Ashenzari
Cheibriados
Dithmenos
Gozag
Kikubaaqudgha
Makhleb
Nemelex Xobeh
Pakellas
Qazlal
Ru
Sif Muna
Trog
Vehumet
Xom
Yredelemnul
Zin
The Shining One


Innate Abilities, Weirdness & Mutations

You are tiny and cannot use many weapons and most armour.
You have supernaturally acute eyesight.
You are a herbivore.
You cover ground extremely quickly.
You need consume almost no food.
You can translocate small distances at will.
Your mind is acute. (Int +2)
You are occasionally teleported next to monsters.


Message History

Unknown command.
Evoke which item? (* to show all) (? for menu, Esc to quit)
Zapping:
z - a wand of random effects (12/48)
Press: ? - help, Shift-Dir - straight line, f/p - anaconda
Aim: an anaconda (severely wounded, constricting you, fast)
The anaconda resists with some effort.
This wand has 11 charges left.
You block the anaconda's attack.
* * * LOW HITPOINT WARNING * * *
Your amulet of dismissal vibrates suddenly!
The anaconda constricts you.
The anaconda disappears!
The anaconda loses its grip on you.
Unknown command.
Unknown command.
A killer bee comes into view.
The anaconda misses you. The anaconda completely misses you.
The killer bee moves out of view.
The anaconda grabs you. The anaconda bites you!
* * * LOW HITPOINT WARNING * * *
You die...
Your body disappears without a glow.

≈ #.#.###.. <.##
#≈≈≈≈≈≈#####.#.# #### .#
##≈≈≈≈≈≈........#######
#
##≈≈≈≈≈≈................
≈≈≈≈≈≈...###...#######.
≈≈≈≈....# #.#§# #≈≈...#
#.#.# #≈≈...####S#.##
#...(#....@..#
#....#.......#
#....#.<.....#
#............#
#...[#.......#
#....#..........
#............###
#.....######## #.....#


You could see an anaconda.

Vanquished Creatures
  Pikel (D:5)
  Grinder (D:6)
  Prince Ribbit (D:5)
  Sigmund (D:3)
  A naga (D:4)
  2 ice beasts
  4 ogres
  A centaur (D:6)
  3 giant frogs
  A water moccasin zombie (D:5)
  4 scorpions
  2 howler monkeys
  A giant frog zombie (D:7)
  3 crimson imps (D:6)
  A giant frog skeleton (D:7)
  A hound (D:5)
  2 quasits
  An orc priest (D:6)
  An orc wizard (D:5)
  An iguana (D:4)
  Natasha (twice) (D:3)
  5 worker ants
  2 big kobold zombies (Ossuary)
  A hound zombie (D:8)
  A hound skeleton (D:8)
  3 mummies (Ossuary)
  4 scorpion zombies (Ossuary)
  11 adders
  A shadow imp (D:3)
  2 oozes
  An adder skeleton (D:4)
  3 worms
  A dart slug (D:2)
  7 giant geckos
  10 orcs
  6 bats
  3 giant cockroaches
  A gnoll zombie (Ossuary)
  5 goblins
  3 hobgoblins
  4 jackals
  3 kobolds
  2 quokkas
  2 ball pythons
  A giant gecko skeleton (D:4)
  6 giant newts
  2 goblin zombies (Ossuary)
  3 hobgoblin zombies (Ossuary)
  A jackal skeleton (D:4)
  A jackal zombie (D:5)
  2 kobold zombies (Ossuary)
  An orc zombie (Ossuary)
  2 quokka skeletons (D:4)
  7 rats
  A butterfly (D:6)
143 creatures vanquished.

Vanquished Creatures (collateral kills)
  Terence (D:3)
  2 jackals (D:2)
  A giant newt (D:2)
  A rat (D:2)
5 creatures vanquished.

Vanquished Creatures (others)
  3 scorpions (Ossuary)
  A jelly (D:5)
  2 jackals (D:2)
  An orc zombie (Ossuary)
7 creatures vanquished.

Grand Total: 155 creatures vanquished

Notes
Turn   | Place    | Note
--------------------------------------------------------------
     0 | D:1      | Kidiri the Spriggan Artificer began the quest for the Orb.
     0 | D:1      | Reached XP level 1. HP: 9/9 MP: 4/4
   221 | D:1      | Reached skill level 1 in Fighting
   656 | D:1      | Reached XP level 2. HP: 14/14 MP: 6/6
  1241 | D:2      | Reached XP level 3. HP: 13/18 MP: 7/7
  2062 | D:2      | Reached XP level 4. HP: 23/23 MP: 8/8
  2068 | D:3      | Noticed Terence
  2140 | D:3      | Noticed Sigmund
  2191 | D:3      | Killed Terence
  2231 | D:3      | Killed Sigmund
  2231 | D:3      | Reached skill level 1 in Armour
  2231 | D:3      | Reached skill level 5 in Evocations
  2231 | D:3      | Reached XP level 5. HP: 7/26 MP: 9/9
  2705 | D:3      | Noticed Natasha
  2721 | D:3      | Killed Natasha
  2721 | D:3      | Reached skill level 1 in Shields
  2938 | D:3      | Reached XP level 6. HP: 22/32 MP: 11/11
  2994 | D:3      | Found a glowing golden altar of the Shining One.
  3156 | D:3      | Noticed Natasha
  3171 | D:3      | Killed Natasha
  3293 | D:3      | Gained mutation: You can translocate small distances at will. [potion of mutation]
  3293 | D:3      | Gained mutation: Your mind is acute. (Int +2) [potion of mutation]
  3293 | D:3      | Gained mutation: You are occasionally teleported next to monsters. [potion of mutation]
  3729 | D:4      | Noticed a naga
  3729 | D:4      | a scorpion changed into a naga
  3732 | D:4      | Killed a naga
  3732 | D:4      | Reached skill level 5 in Dodging
  3983 | D:4      | Noticed Grinder
  4446 | D:4      | Found a glowing silver altar of Zin.
  4469 | D:4      | Reached XP level 7. HP: 17/36 MP: 12/12
  4664 | D:5      | Entered Level 5 of the Dungeon
  4664 | D:5      | Found a sand-covered staircase.
  4704 | D:4      | Reached skill level 6 in Evocations
  4855 | Ossuary  | Entered an ossuary
  5590 | Ossuary  | HP: 1/36 [mummy (16)]
  6369 | D:5      | Reached skill level 5 in Stealth
  6369 | D:5      | Reached XP level 8. HP: 33/40 MP: 12/14
  6437 | D:5      | Noticed Pikel
  6452 | D:5      | Killed Pikel
  6452 | D:5      | Reached skill level 7 in Evocations
  6486 | D:5      | Noticed Prince Ribbit
  6522 | D:5      | Killed Prince Ribbit
  6929 | D:5      | Found a bloodstained altar of Trog.
  7085 | D:6      | Found a shimmering altar of Xom.
  7252 | D:6      | Found a shimmering altar of Xom.
  7411 | D:6      | Reached skill level 8 in Evocations
  7439 | D:6      | Reached XP level 9. HP: 45/45 MP: 16/16
  7545 | D:6      | Killed Grinder
  7755 | D:6      | Found a sparkling altar of Nemelex Xobeh.
  7769 | D:6      | Became a worshipper of Nemelex Xobeh the Trickster
  7992 | D:6      | Received a gift from Nemelex Xobeh
  8696 | D:7      | Found a radiant altar of Vehumet.
  8972 | D:7      | Received a gift from Nemelex Xobeh
  8995 | D:7      | Found a staircase to the Ecumenical Temple.
  9006 | Temple   | Entered the Ecumenical Temple
  9012 | Temple   | Reached * piety under Nemelex Xobeh
  9496 | D:8      | Reached skill level 9 in Evocations
  9747 | D:8      | Noticed a hill giant
  9755 | D:8      | Noticed an anaconda
  9755 | D:8      | a hill giant changed into an anaconda
  9776 | D:8      | HP: 2/46 [anaconda (9)]
  9776 | D:8      | Slain by an anaconda

Vault maps used:
D:1:      dpeg_arrival_three_bigger_balls
D:2:      kennysheep_generic_room_6
D:3:      tso_metal_star, uniq_sigmund, uniq_terence, uniq_natasha
D:4:      kennysheep_little_box, uniq_grinder
D:5:      lightli_temple_of_fire, enter_ossuary_3, first_bread, uniq_pikel,
          uniq_prince_ribbit1
D:6:      xom_butterflies, basic_altar, nemelex_lonely_heart_becter
D:7:      vehumet_crystals, minmay_temple_entry_poolview
D:8:      statuecave_lemuel, okawaru_metal_pillars_1_2,
          gammafunk_temple_overflow_elements, special_room
Temple:   nicolae_temple_figure_eight
Ossuary:  ossuary_minmay_scorpions

Skill      XL: |  1  2  3  4  5  6  7  8  9 |
---------------+----------------------------+-----
Fighting       | 1 2 3 4 |  4.9
Stealth        | 2 3 5 6 |  6.4
Short Blades   | 2 3 4 |  4.5
Armour         | 1 2 3 |  3.0
Dodging        | 4 5 6 7 8 |  8.8
Evocations     | 5 6 8 9 |  9.1
Shields        | 1 2 3 |  3.1

Action                   |  1- 3 |  4- 6 |  7- 9 || total
-------------------------+-------+-------+-------++-------
Melee: Short sword       |    92 |     2 |       ||    94
       Rapier            |       |   175 |   669 ||   844
Evoke: Wand              |    18 |    16 |    53 ||    87
       Deck              |       |       |     7 ||     7
  Use: Potion            |       |     2 |     2 ||     4
       Scroll            |       |    15 |    10 ||    25
 Stab: Sleeping          |    10 |     9 |    14 ||    33
       Paralysed         |     2 |     2 |     2 ||     6
       Distracted        |       |       |     2 ||     2
  Eat: Pizza             |       |     1 |       ||     1
       Bread ration      |       |       |     1 ||     1
